 Dungeon Crawl Stone Soup version 0.21.1-1-g345015f (webtiles) character file.

54700 eccles the Tortoise (level 14, -3/177 HPs)
             Began as a Minotaur Berserker on Apr 25, 2018.
             Was the Champion of Trog.
             Killed by divine providence
             ... invoked by an orc priest
             ... led by an orc warlord
              (14 damage)
             ... on level 2 of the Orcish Mines on Apr 26, 2018.
             The game lasted 02:57:23 (24064 turns).

eccles the Tortoise (Minotaur Berserker)           Turns: 24064, Time: 02:57:24

Health: -3/177     AC: 17    Str: 32    XL:     14   Next: 35%
Magic:  5/5        EV: 11    Int:  5    God:    Trog [******]
Gold:   1478       SH:  6    Dex: 11    Spells: 15/15 levels left

rFire    . . .     SeeInvis .   a - +3 triple sword (antimagic)
rCold    . . .     Gourm    .   (shield currently unavailable)
rNeg     + . .     Faith    .   T - +0 plate armour {rPois}
rPois    +         Spirit   .   (helmet restricted)
rElec    .         Reflect  +   (no cloak)
rCorr    .         Harm     .   (no gloves)
MR       +....                  (no boots)
Stlth    ..........             i - +6 amulet of reflection
HPRegen  0.39/turn              d - ring of positive energy
MPRegen  0.09/turn              m - ring of poison resistance

@: berserking, very quick
A: retaliatory headbutt, horns 2, frail 1, strong 1
a: Berserk, Trog's Hand, Brothers in Arms, Burn Spellbooks, Renounce Religion


You were on level 2 of the Orcish Mines.
You worshipped Trog.
Trog was exalted by your worship.
You were hungry.

You visited 5 branches of the dungeon, and saw 22 of its levels.

You collected 2087 gold pieces.
You spent 609 gold pieces at shops.

Inventory:

Hand Weapons
 a - a +3 antimagic triple sword (weapon)
 b - a +4 arbalest of velocity
 l - a +0 flail of crushing
 q - a +4 scimitar of flaming
 t - a +2 arbalest of velocity
 w - a +0 blowgun
 E - a +4 long sword
 F - a cursed +5 flail
 G - a cursed +2 flail
 H - a +0 falchion of holy wrath
 L - a +4 falchion
 Z - a +2 great mace
Missiles
 A - 17 poisoned needles
 C - 116 bolts
 Q - 18 tomahawks (quivered)
Armour
 T - a +0 plate armour of poison resistance (worn)
Magical Staves
 K - an uncursed staff of death
Jewellery
 d - a ring of positive energy (left hand)
 i - a +6 amulet of reflection (around neck)
 j - a cursed -2 ring of strength {unknown}
 m - a ring of poison resistance (right hand)
 s - a +4 amulet of reflection
 I - an uncursed ring of resist corrosion {unknown}
 U - an uncursed amulet of the gourmand
 V - a +4 ring of dexterity
Wands
 p - a wand of random effects (16)
 O - a wand of iceblast (13)
 R - a wand of paralysis (13)
Scrolls
 e - a scroll of magic mapping
 g - 11 scrolls of teleportation
 o - 2 scrolls of fear
 v - a scroll of enchant weapon
 P - a scroll of fog
 W - 3 scrolls of remove curse
Potions
 f - a potion of agility
 h - a potion of heal wounds
 k - a potion of flight
 r - 3 potions of magic
 u - a potion of curing
 D - 3 potions of brilliance
 N - 2 potions of berserk rage
 S - a potion of mutation
Comestibles
 c - 48 rations


   Skills:
 + Level 14.2 Fighting
 + Level 16.1 Long Blades
 + Level 1.1 Maces & Flails
   Level 4.2(5.0) Slings
 + Level 6.7 Crossbows
 + Level 3.5(4.4) Throwing
 + Level 16.5 Armour
 + Level 5.3 Dodging
 + Level 2.2 Stealth
 - Level 1.4 Spellcasting
 - Level 0.9 Evocations


You had 15 spell levels left.
You didn't know any spells.

Dungeon Overview and Level Annotations

Branches:
Dungeon (12/15)            Temple (1/1) D:6            Lair (6/6) D:8
  Swamp (0/4) Lair:3       Spider (1/4) Lair:3        Slime (0/5) Lair:5
    Orc (2/2) D:12            Elf (0/3) Orc:2

Altars:
Ashenzari
Cheibriados
Dithmenos
Elyvilon
Fedhas
Gozag
Hepliaklqana
Kikubaaqudgha
Makhleb
Nemelex Xobeh
Okawaru
Qazlal
Ru
Sif Muna
Trog
Uskayaw
Vehumet
Wu Jian
Xom
Yredelemnul
Zin
The Shining One
Jiyva

Shops:
D:5 (*   D:12 [   Orc:2 !


Innate Abilities, Weirdness & Mutations

You reflexively headbutt those who attack you in melee.
You have a pair of horns on your head.
You are frail. (-10% HP)
Your muscles are strong. (Str +2)


Message History

The orc warlord hits you with a broad axe of freezing!
* * * LOW HITPOINT WARNING * * *
The orc warlord freezes you.
* * * LOW HITPOINT WARNING * * *
The orc warrior closely misses you.
You are too berserk!
The orc warlord blocks your attack.
The orc warlord is severely wounded.
The orc priest begins to cast a cantrip, but forgets the words!
The cyclops hits you.
* * * LOW HITPOINT WARNING * * *
The orc warlord blocks your attack.
The orc warlord is severely wounded.
The orc warlord closely misses you.
The orc warrior hits you but does no damage.
You are too berserk!
You are too berserk!
The orc priest calls down the wrath of Beogh upon you.
Beogh smites you!
You die...

...........................$
............................
.........).......)).........
................).)......#..
.................)).........
...............))...........
...............$Coo.........
..................o(.....$..
................@...........
..#........#.....##..#......
############################


You could see an orc warlord, a cyclops, an orc warrior and an orc priest.

Vanquished Creatures
  The ghost of vatarom the Scorcher, a journeyman DEFE of Vehumet (Orc:1)
  A stone giant (Orc:2)
  The ghost of azzavlup the Cleaver, a journeyman DsAK of Lugonu (D:10)
  An ettin (Orc:1)
  A hydra (Lair:6)
  Erica (D:8)
  A death knight (D:11)
  A catoblepas (Lair:6)
  A death yak (Lair:6)
  3 two-headed ogres
  An ogre mage (Orc:1)
  Urug (Lair:3)
  An orc high priest (Orc:2)
  2 skeletal warriors (D:11)
  Nergalle (D:12)
  An orc knight (Orc:1)
  2 orb spiders (Spider:1)
  3 ugly things (D:11)
  A wolf spider (Spider:1)
  2 orc sorcerers
  The ghost of bartek7090 the Skirmisher, a novice GrBe of Trog (D:5)
  3 centaur zombies
  Maurice (D:8)
  2 black mambas
  A guardian serpent (D:12)
  Joseph (D:8)
  4 centaur skeletons
  7 spiny frogs
  A torpor snail (Lair:6)
  A rime drake (Lair:3)
  3 komodo dragons
  A freezing wraith (D:11)
  A demonic crawler (Lair:3)
  9 trolls
  The ghost of Verendum the Cruncher, an amateur MiGl (D:3)
  Prince Ribbit (D:8)
  3 meliai (Lair:4)
  A queen bee (Lair:4)
  9 jumping spiders
  4 hornets
  10 blink frogs
  6 hippogriffs
  A tarantella (Lair:3)
  13 yaks
  17 redbacks
  5 basilisks
  6 humans (D:6)
  4 wyverns
  A vampire (D:11)
  A steam dragon (D:11)
  3 wargs
  A hungry ghost (D:8)
  5 vampire mosquitoes (Lair:3)
  A soldier ant (D:10)
  7 porcupines
  12 water moccasins
  2 ice beasts
  A hornet zombie (D:12)
  2 sky beasts
  An eye of draining (D:10)
  22 orc warriors
  6 phantoms
  3 black bears
  6 centaurs
  2 necrophages
  13 ogres
  12 wolves
  2 big kobolds
  11 crocodiles
  Blork the orc (D:4)
  16 bullfrogs
  A gnoll sergeant (D:9)
  A scorpion (D:8)
  A water moccasin skeleton (D:8)
  20 killer bees (Lair:4)
  12 wights
  A howler monkey (D:5)
  7 crimson imps
  A lava snake (Orc:2)
  4 bullfrog zombies
  7 hounds
  12 orc priests
  A jelly (D:8)
  3 bullfrog skeletons
  4 iguanas
  21 orc wizards
  Ijyb (D:3)
  7 hell rats (Lair:3)
  9 worker ants
  A hound zombie (D:6)
  A hound skeleton (D:4)
  Robin (D:4)
  13 adders
  8 gnolls
  A howler monkey skeleton (D:9)
  A shadow imp (D:6)
  4 oozes
  An adder skeleton (D:6)
  An adder zombie (D:6)
  3 worms
  2 dart slugs
  2 leopard geckos
  61 orcs
  10 bats
  4 giant cockroaches
  20 goblins
  9 hobgoblins
  14 jackals
  7 quokkas
  4 ball pythons
  6 frilled lizards
  12 kobolds
  A quokka skeleton (D:9)
  5 rats
  A plant (Lair:6)
581 creatures vanquished.

Vanquished Creatures (others)
  A centaur (D:11)
  An orc wizard (Orc:1)
  A fire vortex (Lair:4)
  17 fungi
  16 plants
36 creatures vanquished.

Grand Total: 617 creatures vanquished

Notes
Turn   | Place    | Note
-------+----------+-------------------------------------------
     0 | D:1      | eccles the Minotaur Berserker began the quest for the Orb.
     0 | D:1      | Reached XP level 1. HP: 19/19 MP: 0/0
   232 | D:1      | Reached XP level 2. HP: 21/27 MP: 1/1
   975 | D:2      | Reached XP level 3. HP: 33/33 MP: 2/2
  1002 | D:2      | Reached ** piety under Trog
  1098 | D:2      | Found a hide-covered altar of Uskayaw.
  1203 | D:2      | Found a blossoming altar of Fedhas.
  1273 | D:2      | Reached XP level 4. HP: 30/41 MP: 3/3
  1612 | D:2      | Reached skill level 5 in Long Blades
  2070 | D:3      | Reached skill level 1 in Stealth
  2120 | D:3      | Reached XP level 5. HP: 47/47 MP: 4/4
  2130 | D:3      | Noticed Verendum's ghost (amateur MiGl)
  2144 | D:3      | Killed Verendum's ghost
  2144 | D:3      | Reached skill level 5 in Fighting
  2144 | D:3      | Reached XP level 6. HP: 16/56 MP: 5/5
  3108 | D:3      | Noticed Ijyb
  3126 | D:3      | Killed Ijyb
  3621 | D:4      | Found a glowing golden altar of the Shining One.
  3696 | D:4      | Reached *** piety under Trog
  3718 | D:4      | Noticed Blork the orc
  3730 | D:4      | Killed Blork the orc
  3730 | D:4      | Reached XP level 7. HP: 48/61 MP: 6/6
  3806 | D:4      | Noticed Robin
  3822 | D:4      | Killed Robin
  4159 | D:5      | Entered Level 5 of the Dungeon
  4161 | D:5      | Noticed bartek7090's ghost (novice GrBe)
  4182 | D:5      | Killed bartek7090's ghost
  4182 | D:5      | Reached skill level 1 in Slings
  4182 | D:5      | Reached skill level 5 in Armour
  4182 | D:5      | Reached XP level 8. HP: 24/70 MP: 7/7
  4331 | D:5      | Found an opulent altar of Gozag.
  4333 | D:5      | Found Gozag's Platinum Reserve.
  4518 | D:5      | Found Bumyetott's Antique Weapon Emporium.
  4523 | D:5      | Bought a glowing arbalest for 150 gold pieces
  4801 | D:5      | Found a glowing silver altar of Zin.
  4957 | D:6      | Reached skill level 1 in Throwing
  4970 | D:6      | Reached XP level 9. HP: 78/78 MP: 8/8
  4980 | D:6      | Reached skill level 10 in Long Blades
  5230 | D:6      | Found a staircase to the Ecumenical Temple.
  5251 | D:6      | Reached **** piety under Trog
  5264 | Temple   | Entered the Ecumenical Temple
  5766 | D:7      | You fall through a shaft for 2 floors!
  5767 | D:9      | Noticed a two-headed ogre
  5815 | D:9      | Killed a two-headed ogre
  5815 | D:9      | Reached skill level 1 in Crossbows
  6278 | D:8      | Noticed Prince Ribbit
  6300 | D:8      | Reached XP level 10. HP: 40/88 MP: 9/9
  6352 | D:8      | Noticed Erica
  6373 | D:8      | Killed Erica
  6373 | D:8      | Received a gift from Trog
  7157 | D:8      | Noticed Joseph
  7170 | D:8      | Killed Joseph
  7352 | D:8      | Noticed Maurice
  7666 | D:8      | Found a staircase to the Lair.
  7736 | D:8      | Killed Prince Ribbit
  7939 | Lair:1   | Entered Level 1 of the Lair of Beasts
  8290 | Lair:1   | Reached XP level 11. HP: 42/97 MP: 10/10
  8858 | Lair:1   | Received a gift from Trog
  8858 | Lair:1   | Reached skill level 10 in Armour
  9696 | Lair:2   | Reached ***** piety under Trog
  9696 | Lair:2   | Reached skill level 10 in Fighting
 10612 | Lair:3   | Found a hide-covered altar of Uskayaw.
 10615 | Lair:3   | Noticed Urug
 10623 | Lair:3   | Killed Urug
 10704 | Lair:3   | Found a hole to the Spider Nest.
 10949 | Lair:3   | Reached skill level 5 in Crossbows
 11157 | Spider:1 | Entered Level 1 of the Spider Nest
 11157 | Spider:1 | Noticed an orb spider
 11162 | Lair:3   | Reached XP level 12. HP: 108/108 MP: 11/11
 11940 | Spider:1 | Reached skill level 1 in Spellcasting
 12606 | Lair:3   | HP: 5/110 [poisoned by a redback]
 12613 | Lair:3   | HP: 5/110 [poisoned by a redback]
 12932 | Lair:3   | Found a staircase to the Swamp.
 13584 | Lair:4   | Gained mutation: You are frail. (-10% HP) [potion of mutation]
 13584 | Lair:4   | Gained mutation: Your muscles are strong. (Str +2) [potion of mutation]
 13734 | Lair:4   | Received a gift from Trog
 15787 | Lair:5   | Found a staircase to the Slime Pits.
 15787 | Lair:5   | Found a viscous altar of Jiyva.
 15854 | Lair:6   | Entered Level 6 of the Lair of Beasts
 15881 | Lair:6   | Noticed a death yak
 15898 | Lair:6   | Noticed a catoblepas
 15900 | Lair:6   | Killed a death yak
 15901 | Lair:6   | Received a gift from Trog
 15907 | Lair:6   | Reached XP level 13. HP: 106/106 MP: 14/14
 17378 | D:8      | Killed Maurice
 17378 | D:8      | Reached skill level 15 in Armour
 17614 | D:9      | Reached skill level 15 in Long Blades
 17614 | D:9      | Reached skill level 1 in Maces & Flails
 17988 | D:9      | Received a gift from Trog
 18329 | D:10     | Entered Level 10 of the Dungeon
 18378 | D:10     | Found an ancient bone altar of Kikubaaqudgha.
 18378 | D:10     | Noticed azzavlup's ghost (journeyman DsAK)
 18410 | D:10     | Killed azzavlup's ghost
 19306 | D:11     | Received a gift from Trog
 19584 | D:11     | Received a gift from Trog
 19824 | D:11     | Reached skill level 5 in Dodging
 21473 | D:12     | Found Xieski Boji's Armour Emporium.
 21525 | D:12     | Found a staircase to the Orcish Mines.
 21544 | D:12     | Bought a +0 plate armour of poison resistance for 459 gold pieces
 21689 | D:12     | Reached XP level 14. HP: 103/116 MP: 15/15
 21879 | Orc:1    | Entered Level 1 of the Orcish Mines
 21879 | Orc:1    | Noticed Nergalle
 21907 | D:12     | Killed Nergalle
 22099 | Orc:1    | Reached ****** piety under Trog
 22153 | Orc:2    | Entered Level 2 of the Orcish Mines
 22197 | Orc:2    | Received a gift from Trog
 22212 | Orc:2    | Paralysed by an orc sorcerer for 4 turns
 22523 | Orc:2    | Found Jihum's Distillery.
 22634 | Orc:2    | Found a staircase to the Elven Halls.
 22681 | Orc:2    | Noticed a stone giant
 22722 | Orc:2    | Killed a stone giant
 23166 | Orc:1    | HP: 2/175 [ettin/dire flail (26)]
 23590 | Orc:1    | Received a gift from Trog
 23595 | Orc:1    | Noticed vatarom's ghost (journeyman DEFE)
 23618 | Orc:1    | Killed vatarom's ghost
 23995 | Orc:2    | Received a gift from Trog
 24038 | Orc:2    | Noticed an orc warlord
 24064 | Orc:2    | Killed from afar by an orc priest

Skill      XL: |  1  2  3  4  5  6  7  8  9 10 11 12 13 14 |
---------------+-------------------------------------------+-----
Fighting       | 4 5 6 7 9 10 12 13 14 | 14.2
Long Blades    | 4 5 6 7 8 9 11 13 14 15 16 | 16.1
Stealth        | 1 2 |  2.2
Armour         | 3 5 7 8 9 11 14 15 16 | 16.5
Dodging        | 3 4 5 |  5.3
Slings         | 1 3 4 |  4.2
Throwing       | 1 2 3 |  3.5
Crossbows      | 1 4 5 6 |  6.7
Spellcasting   | 1 |  1.4
Maces & Flails | 1 |  1.1
Evocations     | |  0.9

Action                   |  1- 3 |  4- 6 |  7- 9 | 10-12 | 13-15 || total
-------------------------+-------+-------+-------+-------+-------++-------
Melee: Falchion          |    64 |   121 |   204 |   416 |   332 ||  1137
       Headbutt          |    12 |    19 |    46 |   157 |   194 ||   428
       Long sword        |       |       |    67 |    11 |       ||    78
       Scimitar          |       |       |       |   241 |   339 ||   580
       Flail             |       |       |       |       |     5 ||     5
       Triple sword      |       |       |       |       |    34 ||    34
 Fire: Hunting sling     |       |    10 |     6 |       |       ||    16
       Arbalest          |       |       |     4 |    35 |    23 ||    62
Throw: Stone             |       |       |    16 |     8 |    24 ||    48
       Javelin           |       |       |       |    16 |       ||    16
Invok: Berserk           |       |     2 |     4 |    13 |     9 ||    28
       Burn Spellbooks   |       |       |       |       |     2 ||     2
Evoke: Wand              |       |       |     2 |     8 |     4 ||    14
  Use: Scroll            |     9 |     3 |     3 |    16 |     3 ||    34
       Potion            |     4 |       |     5 |    10 |     2 ||    21
 Stab: Sleeping          |     1 |       |       |       |       ||     1
       Paralysed         |       |       |       |     4 |       ||     4
  Eat: Chunk             |     1 |    10 |    12 |    29 |    26 ||    78
       Ration            |       |       |       |     6 |     1 ||     7
Armor: Animal skin       |    22 |       |       |       |       ||    22
       Ring mail         |       |    12 |       |       |       ||    12
       Chain mail        |       |    54 |       |       |       ||    54
       Plate armour      |       |       |   131 |   338 |   288 ||   757
Dodge: Dodged            |    31 |    49 |   113 |   290 |   234 ||   717
Block: Other             |       |       |       |       |    93 ||    93
       Reflection        |       |       |       |       |     6 ||     6
       Rpst.: Falchion   |     9 |    12 |    23 |    35 |    15 ||    94
       Long sword        |       |       |     6 |       |       ||     6
       Scimitar          |       |       |       |    37 |    27 ||    64
       Triple sword      |       |       |       |       |     3 ||     3
